NULL
Full Scoreboard »»

Canucks vs Flames

Created - April 27, 2024 at 00:54

Goals
1 2 3 T
Canucks 0 2 1 3
Flames 0 0 1 1
Shots
1 2 3 T
Canucks 13 24 8 45
Flames 5 14 8 27

GoalsPenalties
1st period
No Goal
Colton Parayko (CGY) for Fighting (Major) at 0:03
Quinn Hughes (VAN) for Fighting (Major) at 0:03
Colton Parayko (CGY) for instigated a fight (Minor) at 0:03
Colton Parayko (CGY) for instigated a fight (10 Minutes Misconduct) at 0:03
Walker Duehr (CGY) for Tripping (Minor) at 18:33
2nd period
1. Canucks , Tanner Pearson 20 (Andrew Copp 33, Damon Severson 19) at 0:18 (PP)
2. Canucks , Kyle Palmieri 30 (Damon Severson 20, Tanner Pearson 32) at 17:26
Alexander Wennberg (CGY) for Fighting (Major) at 4:21
Alec Martinez (VAN) for Fighting (Major) at 4:21
Alec Martinez (VAN) for instigated a fight (Minor) at 4:21
Alec Martinez (VAN) for instigated a fight (10 Minutes Misconduct) at 4:21
3rd period
3. Canucks , Quinn Hughes 13 (Anthony Duclair 11, Damon Severson 21) at 5:50
4. Flames , Andreas Johnsson 6 (Kyle Turris 10) at 16:44
Timo Meier (VAN) for Roughing (Minor) at 8:03
Trent Frederic (VAN) for Holding (Minor) at 12:08
Goalie Stats
Craig Anderson (VAN), 26 saves from 27 shots - (0.963), W, 12-6-2, 60:00 minutes
Tomas Suchanek (CGY), 42 saves from 45 shots - (0.933), L, 1-1-0, 60:00 minutes
3 StarsOfficial
1 - Tanner Pearson (VAN)
2 - Damon Severson (VAN)
3 - Craig Anderson (VAN)
Referees : Unknown
Linesman : Unknown
Game Note
Quinn Hughes beats up Colton Parayko at 0:03 of 1st period
Alexander Wennberg and Alec Martinez fight to a draw at 4:21 of 2nd period



Team Name Goals Shots Shots Attemp Shots Blocked PIM HIT PP PK FO%
Canucks 34589926311 / 2 (50%)063%
Flames 127471424270 / 3 (0%)138%

Canucks
Player Name POS G A P +/- PIM HIT SHT SB MP PP MP PP SHT PK MP PK SHT FO% FOT GA TA
Alec MartinezD00001740014:440:0002:0900% 000
Alexander KerfootLW/RW000-1042013:510:0002:5300% 000
Andrei KuzmenkoLW/RW0001004110:030:0000:3200% 010
Andrew CoppC0111022018:361:1710:28060% 3000
Anthony DuclairLW/RW011100109:010:0000:0100% 100
Damon SeversonD0331023021:201:3122:4700% 000
David KampfC/RW000-1022012:510:0003:03086% 700
John KlingbergD0000012222:382:1300:5800% 002
John TavaresC0000034017:202:2700:00089% 911
Justin SchultzD0001010019:361:5903:1000% 101
Kyle PalmieriLW/RW1011024017:311:1720:0000% 120
Nikita KucherovLW/RW0000011017:202:2700:0000% 120
Noah CatesLW000-1002013:050:0003:0300% 000
Quinn HughesD1010505216:000:1400:0000% 011
Ryan McDonaghD0000022324:031:3102:5000% 000
Tanner PearsonLW/RW1121035017:431:1710:00050% 200
Timo MeierLW/RW0000225017:242:2720:0000% 040
Trent FredericC/LW/RW0001221110:530:0001:54050% 402
Flames
Player Name POS G A P +/- PIM HIT SHT SB MP PP MP PP SHT PK MP PK SHT FO% FOT GA TA
Alexander WennbergC/LW/RW0000517017:011:0401:48027% 1101
Andreas JohnssonLW/RW101000309:381:2100:0400% 000
Cale MakarD0000032023:022:4402:1100% 001
Christian DvorakC/LW0000011016:131:4800:00047% 1511
Cody CeciD000-1030123:153:1301:4700% 000
Colton ParaykoD00001710016:262:4400:5400% 001
Connor CliftonD0000010216:370:0000:0000% 003
Connor McDavidC000-1033118:052:4911:48147% 1712
Elias LindholmC/LW/RW000-1022218:132:2511:4200% 110
Erik JohnsonD000-1030521:593:1301:3300% 010
Jake DeBruskLW/RW000-1012018:242:3801:44014% 720
Jonathan DrouinC/LW/RW0000010115:301:4600:0000% 100
Jonathon MerrillD0000021217:180:0001:0300% 001
Kyle TurrisC011001008:340:0000:00067% 300
Phil KesselLW/RW0000000015:321:2000:0000% 010
Pierre-Edouard BellemareC/LW/RW000001309:360:0000:2200% 101
Viktor ArvidssonLW/RW0000032015:351:5700:0000% 000
Walker DuehrRW0000201015:150:4300:0000% 000

Canucks

5 vs 5 Forward
Line #Left WingCenterRight WingPHYDFOFWanted %Time %Time Play
1Timo MeierJohn TavaresNikita Kucherov1223530%15:02
2Kyle PalmieriAndrew CoppTanner Pearson1223534%17:11
3Noah CatesDavid KampfAlexander Kerfoot1222019%9:31
4Andrei KuzmenkoTrent FredericAnthony Duclair1221017%8:35
5 vs 5 Defense
Line #DefenseDefensePHYDFOFWanted %Time %Time Play
1Quinn HughesDamon Severson1223534%17:14
2Ryan McDonaghJohn Klingberg1223535%17:30
3Justin SchultzAlec Martinez1223029%14:25
4Quinn HughesDamon Severson12202%1:10
Power Play Forward
Line #Left WingCenterRight WingPHYDFOFWanted %Time %Time Play
1Timo MeierJohn TavaresNikita Kucherov1225066%2:27
2Kyle PalmieriAndrew CoppTanner Pearson1225034%1:17
Power Play Defense
Line #DefenseDefensePHYDFOFWanted %Time %Time Play
1Quinn HughesJohn Klingberg1225059%2:13
2Ryan McDonaghDamon Severson1225041%1:31
Penalty Kill 4 Players Forward
Line #CenterWingPHYDFOFWanted %Time %Time Play
1David KampfNoah Cates1225051%3:03
2Trent FredericAlexander Kerfoot1225049%2:54
Penalty Kill 4 Players Defense
Line #DefenseDefensePHYDFOFWanted %Time %Time Play
1Damon SeversonRyan McDonagh1225031%1:49
2Alec MartinezJustin Schultz1225069%4:08
Penalty Kill 3 Players
Line #WingPHYDFOFWanted %Time %Time PlayDefenseDefensePHYDFOFWanted %Time %Time Play
1Timo Meier122500%0:00 Quinn HughesDamon Severson122500%0:00
2John Tavares122500%0:00 Ryan McDonaghJohn Klingberg122500%0:00
4 vs 4 Forward
Line #CenterWingPHYDFOFWanted %Time %Time Play
1Timo MeierJohn Tavares122500%0:00
2Nikita KucherovKyle Palmieri122500%0:00
4 vs 4 Defense
Line #DefensePHYDFOFWanted %Time %Time Play
1Quinn HughesDamon Severson122500%0:00
2Ryan McDonaghJohn Klingberg122500%0:00
Last Minutes Offensive
Left WingCenterRight WingDefenseDefense
Timo MeierJohn TavaresNikita KucherovQuinn HughesDamon Severson
Last Minutes Defensive
Left WingCenterRight WingDefenseDefense
Timo MeierJohn TavaresNikita KucherovQuinn HughesDamon Severson
Time
Total ForwardTotal DefenseLast Minutes OffensiveLast Minutes Defensive
60:00 60:00 0:000:00
Extra Forwards
Normal PowerPlayPenalty Kill
Noah Cates, Alexander Kerfoot, Andrei KuzmenkoNoah Cates, Alexander KerfootAndrei Kuzmenko
Extra Defensemen
Normal PowerPlayPenalty Kill
Justin Schultz, Alec Martinez, Ryan McDonaghJustin Schultz, Alec MartinezRyan McDonagh
Penalty Shots
Timo Meier, John Tavares, Nikita Kucherov, Kyle Palmieri, Andrew Copp
Goalie
Craig Anderson, Joonas Korpisalo
Custom OT Lines Forwards
Timo Meier, John Tavares, Nikita Kucherov, Kyle Palmieri, Andrew Copp, Tanner Pearson, Noah Cates, Alexander Kerfoot, Andrei Kuzmenko, Anthony Duclair
Custom OT Lines Defensemen
Quinn Hughes, Damon Severson, Ryan McDonagh, John Klingberg, Justin Schultz
Scratches
Mattias Janmark (Healthy), Noah Gregor (Healthy), Tyler Pitlick (Healthy)

Flames

5 vs 5 Forward
Line #Left WingCenterRight WingPHYDFOFWanted %Time %Time Play
1Jake DeBruskConnor McDavidElias Lindholm1223026%12:53
2Jonathan DrouinAlexander WennbergViktor Arvidsson1223030%15:04
3Phil KesselChristian DvorakWalker Duehr1223027%13:48
4Andreas JohnssonKyle TurrisPierre-Edouard Bellemare1221017%8:34
5 vs 5 Defense
Line #DefenseDefensePHYDFOFWanted %Time %Time Play
1Cale MakarColton Parayko1223029%14:50
2Erik JohnsonCody Ceci1223030%15:10
3Connor CliftonJonathon Merrill1223031%15:30
4Cale MakarColton Parayko1221010%4:49
Power Play Forward
Line #Left WingCenterRight WingPHYDFOFWanted %Time %Time Play
1Jake DeBruskConnor McDavidAlexander Wennberg1225055%3:15
2Viktor ArvidssonElias LindholmJonathan Drouin1225045%2:42
Power Play Defense
Line #DefenseDefensePHYDFOFWanted %Time %Time Play
1Cale MakarColton Parayko1225046%2:44
2Erik JohnsonCody Ceci1225054%3:13
Penalty Kill 4 Players Forward
Line #CenterWingPHYDFOFWanted %Time %Time Play
1Connor McDavidAlexander Wennberg1225048%1:48
2Jake DeBruskElias Lindholm1225052%1:56
Penalty Kill 4 Players Defense
Line #DefenseDefensePHYDFOFWanted %Time %Time Play
1Cale MakarColton Parayko1225058%2:11
2Erik JohnsonCody Ceci1225042%1:33
Penalty Kill 3 Players
Line #WingPHYDFOFWanted %Time %Time PlayDefenseDefensePHYDFOFWanted %Time %Time Play
1Connor McDavid122500%0:00 Cale MakarColton Parayko122500%0:00
2Alexander Wennberg122500%0:00 Erik JohnsonCody Ceci122500%0:00
4 vs 4 Forward
Line #CenterWingPHYDFOFWanted %Time %Time Play
1Connor McDavidAlexander Wennberg122500%0:00
2Jake DeBruskElias Lindholm122500%0:00
4 vs 4 Defense
Line #DefensePHYDFOFWanted %Time %Time Play
1Cale MakarColton Parayko122500%0:00
2Erik JohnsonCody Ceci122500%0:00
Last Minutes Offensive
Left WingCenterRight WingDefenseDefense
Jake DeBruskConnor McDavidAlexander WennbergCale MakarColton Parayko
Last Minutes Defensive
Left WingCenterRight WingDefenseDefense
Jake DeBruskConnor McDavidAlexander WennbergCale MakarColton Parayko
Time
Total ForwardTotal DefenseLast Minutes OffensiveLast Minutes Defensive
60:00 60:00 0:000:00
Extra Forwards
Normal PowerPlayPenalty Kill
Christian Dvorak, Phil Kessel, Pierre-Edouard BellemareChristian Dvorak, Phil KesselPierre-Edouard Bellemare
Extra Defensemen
Normal PowerPlayPenalty Kill
Connor Clifton, Jonathon Merrill, Erik JohnsonConnor Clifton, Jonathon MerrillErik Johnson
Penalty Shots
Connor McDavid, Alexander Wennberg, Jake DeBrusk, Elias Lindholm, Viktor Arvidsson
Goalie
Tomas Suchanek, Jeremy Swayman
Custom OT Lines Forwards
Connor McDavid, Alexander Wennberg, Jake DeBrusk, Elias Lindholm, Viktor Arvidsson, Jonathan Drouin, Christian Dvorak, Phil Kessel, Pierre-Edouard Bellemare, Kyle Turris
Custom OT Lines Defensemen
Cale Makar, Colton Parayko, Erik Johnson, Cody Ceci, Connor Clifton
Scratches
Luke Glendening (Healthy), Travis Dermott (Healthy), Eric Comrie (Healthy)


Play-by-Play

1st period


0:01 of 1st period - John Tavares wins face-off versus Connor McDavid in neutral zone.
0:03 of 1st period - Quinn Hughes beats up Colton Parayko.
0:03 of 1st period - Penalty to Colton Parayko for Fighting.
0:03 of 1st period - Penalty to Quinn Hughes for Fighting.
0:03 of 1st period - Penalty to Colton Parayko for instigated a fight.
0:03 of 1st period - Penalty to Colton Parayko for instigated a fight.
0:04 of 1st period - John Tavares wins face-off versus Connor McDavid in neutral zone.
0:13 of 1st period - Snap shot by Timo Meier.
0:13 of 1st period - Deflect By Nikita Kucherov.
0:13 of 1st period - Shot Blocked by Jonathon Merrill.
0:13 of 1st period - Puck is out of play.
0:14 of 1st period - John Tavares wins face-off versus Connor McDavid in Flames zone.
0:21 of 1st period - Snap shot by Timo Meier.
0:21 of 1st period - Stopped by Tomas Suchanek with a rebound.
1:31 of 1st period - Backhand shot by Timo Meier.
1:31 of 1st period - Stopped by Tomas Suchanek with a rebound.
2:03 of 1st period - Penalty to Colton Parayko is over, Alexander Wennberg is send on ice.
2:27 of 1st period - Wrist shot by Jake DeBrusk.
2:27 of 1st period - Shot Misses the Net.
3:29 of 1st period - Snap shot by Jake DeBrusk.
3:29 of 1st period - Deflect By Alexander Wennberg.
3:29 of 1st period - Stopped by Craig Anderson with a rebound.
3:31 of 1st period - Slapshot by Cale Makar.
3:31 of 1st period - Stopped by Craig Anderson with a rebound.
3:33 of 1st period - Snap shot by Alexander Wennberg.
3:33 of 1st period - Stopped by Craig Anderson without a rebound.
3:34 of 1st period - Andrew Copp wins face-off versus Christian Dvorak in Canucks zone.
4:19 of 1st period - Ryan McDonagh is hit by Kyle Turris.
4:33 of 1st period - Erik Johnson is hit by Alec Martinez and loses puck.
4:52 of 1st period - Wrist shot by Anthony Duclair.
4:52 of 1st period - Deflect By Andrei Kuzmenko.
4:52 of 1st period - Stopped by Tomas Suchanek with a rebound.
4:54 of 1st period - Slapshot by Alexander Kerfoot.
4:54 of 1st period - Shot Blocked by Erik Johnson.
4:56 of 1st period - Wrist shot by Andrei Kuzmenko.
4:56 of 1st period - Shot Misses the Net.
5:41 of 1st period - Snap shot by Anthony Duclair.
5:41 of 1st period - Stopped by Tomas Suchanek with a rebound.
5:51 of 1st period - Off-side.
5:52 of 1st period - Christian Dvorak wins face-off versus Andrew Copp in neutral zone.
5:55 of 1st period - Tanner Pearson is hit by Cody Ceci and loses puck.
6:28 of 1st period - Alec Martinez is hit by Christian Dvorak and loses puck.
7:58 of 1st period - Icing by Alec Martinez.
7:59 of 1st period - Connor McDavid wins face-off versus Justin Schultz in Canucks zone.
8:08 of 1st period - Ryan McDonagh is hit by Elias Lindholm and loses puck.
8:18 of 1st period - Icing by Alec Martinez.
8:19 of 1st period - Andrew Copp wins face-off versus Alexander Wennberg in Canucks zone.
8:19 of 1st period - Andrew Copp is hit by Viktor Arvidsson.
8:24 of 1st period - Off-side.
8:25 of 1st period - David Kampf wins face-off versus Jonathan Drouin in neutral zone.
8:30 of 1st period - Snap shot by Viktor Arvidsson.
8:30 of 1st period - Shot Misses the Net.
8:36 of 1st period - Erik Johnson is hit by Alexander Kerfoot and loses puck.
8:51 of 1st period - Backhand shot by Andrei Kuzmenko.
8:51 of 1st period - Shot Blocked by Elias Lindholm.
8:53 of 1st period - Snap shot by Andrei Kuzmenko.
8:53 of 1st period - Stopped by Tomas Suchanek without a rebound.
8:54 of 1st period - John Tavares wins face-off versus Connor McDavid in Flames zone.
9:15 of 1st period - Snap shot by Connor McDavid.
9:15 of 1st period - Stopped by Craig Anderson with a rebound.
10:19 of 1st period - Snap shot by Andrei Kuzmenko.
10:19 of 1st period - Shot Blocked by Connor Clifton.
10:33 of 1st period - Backhand shot by Nikita Kucherov.
10:33 of 1st period - Deflect By John Tavares.
10:33 of 1st period - Stopped by Tomas Suchanek with a rebound.
11:24 of 1st period - Wrist shot by Cale Makar.
11:24 of 1st period - Shot Blocked by Quinn Hughes.
11:30 of 1st period - Damon Severson is hit by Viktor Arvidsson and loses puck.
12:29 of 1st period - Wrist shot by Kyle Palmieri.
12:29 of 1st period - Shot Misses the Net.
12:37 of 1st period - Wrist shot by Alexander Kerfoot.
12:37 of 1st period - Shot Misses the Net.
12:39 of 1st period - Snap shot by David Kampf.
12:39 of 1st period - Stopped by Tomas Suchanek with a rebound.
12:56 of 1st period - Andrew Copp is hit by Jonathan Drouin.
13:02 of 1st period - Jonathon Merrill is hit by Alec Martinez and loses puck.
13:21 of 1st period - Erik Johnson is hit by John Tavares and loses puck.
13:26 of 1st period - Snap shot by Nikita Kucherov.
13:26 of 1st period - Stopped by Tomas Suchanek without a rebound.
13:27 of 1st period - Tanner Pearson wins face-off versus Connor McDavid in Flames zone.
13:39 of 1st period - Ryan McDonagh is hit by Elias Lindholm and loses puck.
14:00 of 1st period - Ryan McDonagh is hit by Erik Johnson and loses puck.
14:17 of 1st period - Ryan McDonagh is hit by Connor Clifton and loses puck.
14:54 of 1st period - Andrew Copp is hit by Jake DeBrusk and loses puck.
15:03 of 1st period - 10 Minutes Misconduct Penalty to Colton Parayko is over.
15:20 of 1st period - Wrist shot by Timo Meier.
15:20 of 1st period - Deflect By John Tavares.
15:20 of 1st period - Shot Misses the Net.
15:20 of 1st period - Puck is out of play.
15:21 of 1st period - Christian Dvorak wins face-off versus Nikita Kucherov in Flames zone.
15:40 of 1st period - Slapshot by Timo Meier.
15:40 of 1st period - Shot Misses the Net.
15:42 of 1st period - Wrist shot by Timo Meier.
15:42 of 1st period - Deflect By Nikita Kucherov.
15:42 of 1st period - Shot Misses the Net.
15:42 of 1st period - Puck is out of play.
15:43 of 1st period - Connor McDavid wins face-off versus Andrew Copp in Flames zone.
15:53 of 1st period - Off-side.
15:54 of 1st period - John Tavares wins face-off versus Christian Dvorak in neutral zone.
16:06 of 1st period - Snap shot by Timo Meier.
16:06 of 1st period - Stopped by Tomas Suchanek without a rebound.
16:07 of 1st period - Connor McDavid wins face-off versus Andrew Copp in Flames zone.
16:07 of 1st period - Connor McDavid is hit by Kyle Palmieri.
16:59 of 1st period - Noah Cates is hit by Alexander Wennberg and loses puck.
17:40 of 1st period - Wrist shot by Connor McDavid.
17:40 of 1st period - Shot Misses the Net.
18:18 of 1st period - Cody Ceci is hit by David Kampf and loses puck.
18:27 of 1st period - Snap shot by Alexander Kerfoot.
18:27 of 1st period - Stopped by Tomas Suchanek with a rebound.
18:33 of 1st period - Minor Penalty to Walker Duehr for Tripping.
18:34 of 1st period - Connor McDavid wins face-off versus Kyle Palmieri in Flames zone.
18:38 of 1st period - Off-side.
18:39 of 1st period - Connor McDavid wins face-off versus Andrew Copp in neutral zone.
18:46 of 1st period - Slapshot by Damon Severson.
18:46 of 1st period - Stopped by Tomas Suchanek with a rebound.
18:48 of 1st period - Slapshot by Damon Severson.
18:48 of 1st period - Deflect By Tanner Pearson.
18:48 of 1st period - Shot Misses the Net.
18:48 of 1st period - Puck is out of play.
18:49 of 1st period - Andrew Copp wins face-off versus Jake DeBrusk in Flames zone.
18:50 of 1st period - Snap shot by Kyle Palmieri.
18:50 of 1st period - Stopped by Tomas Suchanek without a rebound.
18:51 of 1st period - Andrew Copp wins face-off versus Jake DeBrusk in Flames zone.
18:52 of 1st period - Slapshot by Kyle Palmieri.
18:52 of 1st period - Stopped by Tomas Suchanek with a rebound.
18:54 of 1st period - Snap shot by Tanner Pearson.
18:54 of 1st period - Deflect By Andrew Copp.
18:54 of 1st period - Shot Misses the Net.
18:54 of 1st period - Puck is out of play.
18:55 of 1st period - Andrew Copp wins face-off versus Jake DeBrusk in Flames zone.
19:32 of 1st period - Snap shot by Connor McDavid.
19:32 of 1st period - Stopped by Craig Anderson with a rebound.
Goals for this period are 0 for Canucks vs 0 for Flames.
Shots for this period are 13 for Canucks vs 5 for Flames.

2nd period


0:01 of 2nd period - Andrew Copp wins face-off versus Jake DeBrusk in neutral zone.
0:04 of 2nd period - Slapshot by Damon Severson.
0:04 of 2nd period - Stopped by Tomas Suchanek without a rebound.
0:05 of 2nd period - Andrew Copp wins face-off versus Jake DeBrusk in Flames zone.
0:06 of 2nd period - Backhand shot by Tanner Pearson.
0:06 of 2nd period - Shot Blocked by Erik Johnson.
0:08 of 2nd period - Slapshot by Tanner Pearson.
0:08 of 2nd period - Shot Misses the Net.
0:10 of 2nd period - Wrist shot by Kyle Palmieri.
0:10 of 2nd period - Shot Misses the Net.
0:12 of 2nd period - Backhand shot by Ryan McDonagh.
0:12 of 2nd period - Shot Blocked by Elias Lindholm.
0:14 of 2nd period - Slapshot by Damon Severson.
0:14 of 2nd period - Deflect By Andrew Copp.
0:14 of 2nd period - Stopped by Tomas Suchanek with a rebound.
0:16 of 2nd period - Snap shot by Andrew Copp.
0:16 of 2nd period - Shot Blocked by Erik Johnson.
0:18 of 2nd period - Slapshot by Tanner Pearson.
0:18 of 2nd period - Goal by Tanner Pearson - Canucks : 1 - Flames : 0.
0:19 of 2nd period - Andrew Copp wins face-off versus Alexander Wennberg in neutral zone.
0:30 of 2nd period - Snap shot by Alexander Wennberg.
0:30 of 2nd period - Stopped by Craig Anderson with a rebound.
1:15 of 2nd period - David Kampf is hit by Cody Ceci.
1:40 of 2nd period - Icing by Anthony Duclair.
1:41 of 2nd period - Trent Frederic wins face-off versus Christian Dvorak in Canucks zone.
1:54 of 2nd period - Snap shot by Andrei Kuzmenko.
1:54 of 2nd period - Stopped by Tomas Suchanek with a rebound.
1:56 of 2nd period - Snap shot by Trent Frederic.
1:56 of 2nd period - Stopped by Tomas Suchanek with a rebound.
1:58 of 2nd period - Slapshot by John Klingberg.
1:58 of 2nd period - Stopped by Tomas Suchanek with a rebound.
2:00 of 2nd period - Slapshot by Ryan McDonagh.
2:00 of 2nd period - Shot Misses the Net.
2:02 of 2nd period - Slapshot by Ryan McDonagh.
2:02 of 2nd period - Deflect By Anthony Duclair.
2:02 of 2nd period - Shot Blocked by Jonathon Merrill.
2:02 of 2nd period - Puck is out of play.
2:03 of 2nd period - Andrew Copp wins face-off versus Alexander Wennberg in Flames zone.
2:28 of 2nd period - Damon Severson is hit by Cale Makar and loses puck.
2:43 of 2nd period - Icing by Ryan McDonagh.
2:44 of 2nd period - John Tavares wins face-off versus Connor McDavid in Canucks zone.
2:54 of 2nd period - Snap shot by Nikita Kucherov.
2:54 of 2nd period - Shot Misses the Net.
2:56 of 2nd period - Snap shot by John Tavares.
2:56 of 2nd period - Stopped by Tomas Suchanek with a rebound.
2:58 of 2nd period - Slapshot by John Klingberg.
2:58 of 2nd period - Stopped by Tomas Suchanek with a rebound.
3:00 of 2nd period - Slapshot by Ryan McDonagh.
3:00 of 2nd period - Shot Misses the Net.
3:02 of 2nd period - Slapshot by Ryan McDonagh.
3:02 of 2nd period - Shot Blocked by Connor Clifton.
3:04 of 2nd period - Slapshot by Ryan McDonagh.
3:04 of 2nd period - Shot Misses the Net.
3:06 of 2nd period - Snap shot by Timo Meier.
3:06 of 2nd period - Shot Misses the Net.
3:24 of 2nd period - Wrist shot by John Tavares.
3:24 of 2nd period - Stopped by Tomas Suchanek with a rebound.
3:26 of 2nd period - Slapshot by Timo Meier.
3:26 of 2nd period - Shot Misses the Net.
3:28 of 2nd period - Snap shot by Timo Meier.
3:28 of 2nd period - Stopped by Tomas Suchanek with a rebound.
3:30 of 2nd period - Snap shot by Ryan McDonagh.
3:30 of 2nd period - Shot Misses the Net.
3:32 of 2nd period - Wrist shot by Timo Meier.
3:32 of 2nd period - Stopped by Tomas Suchanek with a rebound.
3:34 of 2nd period - Slapshot by Ryan McDonagh.
3:34 of 2nd period - Shot Misses the Net.
4:06 of 2nd period - Snap shot by Nikita Kucherov.
4:06 of 2nd period - Shot Misses the Net.
4:08 of 2nd period - Slapshot by Ryan McDonagh.
4:08 of 2nd period - Stopped by Tomas Suchanek without a rebound.
4:09 of 2nd period - Andrew Copp wins face-off versus Alexander Wennberg in Flames zone.
4:10 of 2nd period - Wrist shot by Kyle Palmieri.
4:10 of 2nd period - Shot Misses the Net.
4:21 of 2nd period - Alexander Wennberg and Alec Martinez fight to a draw.
4:21 of 2nd period - Penalty to Alexander Wennberg for Fighting.
4:21 of 2nd period - Penalty to Alec Martinez for Fighting.
4:21 of 2nd period - Penalty to Alec Martinez for instigated a fight.
4:21 of 2nd period - Penalty to Alec Martinez for instigated a fight.
4:22 of 2nd period - David Kampf wins face-off versus Elias Lindholm in Canucks zone.
5:06 of 2nd period - David Kampf is hit by Connor McDavid and loses puck.
5:37 of 2nd period - David Kampf is hit by Cody Ceci and loses puck.
6:21 of 2nd period - Penalty to Alec Martinez is over, Andrei Kuzmenko is send on ice.
6:59 of 2nd period - Connor Clifton is hit by Trent Frederic and loses puck.
7:29 of 2nd period - Connor McDavid is hit by Tanner Pearson and loses puck.
7:51 of 2nd period - Walker Duehr is hit by Ryan McDonagh and loses puck.
8:46 of 2nd period - Cody Ceci is hit by Damon Severson and loses puck.
9:08 of 2nd period - Slapshot by Pierre-Edouard Bellemare.
9:08 of 2nd period - Deflect By Kyle Turris.
9:08 of 2nd period - Shot Blocked by Quinn Hughes.
9:08 of 2nd period - Puck is out of play.
9:09 of 2nd period - Kyle Turris wins face-off versus Andrew Copp in Canucks zone.
9:14 of 2nd period - Slapshot by Pierre-Edouard Bellemare.
9:14 of 2nd period - Shot Misses the Net.
9:16 of 2nd period - Snap shot by Pierre-Edouard Bellemare.
9:16 of 2nd period - Stopped by Craig Anderson without a rebound.
9:17 of 2nd period - Christian Dvorak wins face-off versus Andrew Copp in Canucks zone.
9:52 of 2nd period - Snap shot by Andreas Johnsson.
9:52 of 2nd period - Stopped by Craig Anderson with a rebound.
10:12 of 2nd period - Snap shot by Elias Lindholm.
10:12 of 2nd period - Stopped by Craig Anderson with a rebound.
10:14 of 2nd period - Snap shot by Cale Makar.
10:14 of 2nd period - Shot Misses the Net.
10:24 of 2nd period - Slapshot by Damon Severson.
10:24 of 2nd period - Deflect By Alexander Kerfoot.
10:24 of 2nd period - Stopped by Tomas Suchanek with a rebound.
10:26 of 2nd period - Slapshot by David Kampf.
10:26 of 2nd period - Stopped by Tomas Suchanek without a rebound.
10:27 of 2nd period - David Kampf wins face-off versus Alexander Wennberg in Flames zone.
10:28 of 2nd period - Snap shot by Noah Cates.
10:28 of 2nd period - Stopped by Tomas Suchanek with a rebound.
10:34 of 2nd period - Snap shot by Alexander Wennberg.
10:34 of 2nd period - Stopped by Craig Anderson with a rebound.
10:36 of 2nd period - Snap shot by Viktor Arvidsson.
10:36 of 2nd period - Stopped by Craig Anderson without a rebound.
10:37 of 2nd period - Christian Dvorak wins face-off versus Andrew Copp in Canucks zone.
10:37 of 2nd period - Christian Dvorak is hit by Tanner Pearson.
10:41 of 2nd period - Snap shot by Phil Kessel.
10:41 of 2nd period - Shot Blocked by Ryan McDonagh.
11:24 of 2nd period - Ryan McDonagh is hit by Connor McDavid and loses puck.
11:47 of 2nd period - Snap shot by Andreas Johnsson.
11:47 of 2nd period - Stopped by Craig Anderson with a rebound.
11:49 of 2nd period - Slapshot by Pierre-Edouard Bellemare.
11:49 of 2nd period - Shot Blocked by Trent Frederic.
11:51 of 2nd period - Slapshot by Jonathon Merrill.
11:51 of 2nd period - Shot Blocked by John Klingberg.
11:53 of 2nd period - Slapshot by Jonathon Merrill.
11:53 of 2nd period - Stopped by Craig Anderson with a rebound.
11:55 of 2nd period - Slapshot by Pierre-Edouard Bellemare.
11:55 of 2nd period - Stopped by Craig Anderson with a rebound.
11:57 of 2nd period - Snap shot by Andreas Johnsson.
11:57 of 2nd period - Deflect By Pierre-Edouard Bellemare.
11:57 of 2nd period - Stopped by Craig Anderson without a rebound.
11:58 of 2nd period - Andrew Copp wins face-off versus Christian Dvorak in Canucks zone.
12:05 of 2nd period - Slapshot by Damon Severson.
12:05 of 2nd period - Deflect By Tanner Pearson.
12:05 of 2nd period - Stopped by Tomas Suchanek without a rebound.
12:06 of 2nd period - Christian Dvorak wins face-off versus Andrew Copp in Flames zone.
12:06 of 2nd period - Christian Dvorak is hit by Andrew Copp.
12:57 of 2nd period - Wrist shot by Alexander Wennberg.
12:57 of 2nd period - Stopped by Craig Anderson without a rebound.
12:58 of 2nd period - Andrew Copp wins face-off versus Alexander Wennberg in Canucks zone.
12:58 of 2nd period - Andrew Copp is hit by Colton Parayko.
13:23 of 2nd period - Wrist shot by Alexander Wennberg.
13:23 of 2nd period - Shot Misses the Net.
13:45 of 2nd period - Quinn Hughes is hit by Jonathon Merrill.
14:05 of 2nd period - Wrist shot by Andreas Johnsson.
14:05 of 2nd period - Deflect By Damon Severson.
14:05 of 2nd period - Shot Misses the Net.
14:05 of 2nd period - Puck is out of play.
14:06 of 2nd period - Trent Frederic wins face-off versus Kyle Turris in Canucks zone.
14:31 of 2nd period - Kyle Palmieri is hit by Cale Makar and loses puck.
15:18 of 2nd period - Slapshot by Connor McDavid.
15:18 of 2nd period - Shot Blocked by Ryan McDonagh.
16:21 of 2nd period - Wrist shot by Alexander Wennberg.
16:21 of 2nd period - Stopped by Craig Anderson with a rebound.
17:03 of 2nd period - Snap shot by Alexander Kerfoot.
17:03 of 2nd period - Shot Misses the Net.
17:05 of 2nd period - Slapshot by Quinn Hughes.
17:05 of 2nd period - Stopped by Tomas Suchanek with a rebound.
17:14 of 2nd period - Off-side.
17:15 of 2nd period - Andrew Copp wins face-off versus Pierre-Edouard Bellemare in neutral zone.
17:22 of 2nd period - Wrist shot by Tanner Pearson.
17:22 of 2nd period - Stopped by Tomas Suchanek with a rebound.
17:24 of 2nd period - Slapshot by Damon Severson.
17:24 of 2nd period - Shot Misses the Net.
17:26 of 2nd period - Slapshot by Kyle Palmieri.
17:26 of 2nd period - Goal by Kyle Palmieri - Canucks : 2 - Flames : 0.
17:27 of 2nd period - Andrew Copp wins face-off versus Christian Dvorak in neutral zone.
17:35 of 2nd period - Off-side.
17:36 of 2nd period - Andrew Copp wins face-off versus Christian Dvorak in neutral zone.
17:40 of 2nd period - Off-side.
17:41 of 2nd period - Andrew Copp wins face-off versus Alexander Wennberg in neutral zone.
17:53 of 2nd period - Viktor Arvidsson is hit by Tanner Pearson and loses puck.
17:57 of 2nd period - Icing by Cale Makar.
17:58 of 2nd period - John Tavares wins face-off versus Alexander Wennberg in Flames zone.
18:09 of 2nd period - Wrist shot by John Tavares.
18:09 of 2nd period - Stopped by Tomas Suchanek with a rebound.
18:23 of 2nd period - Snap shot by Alexander Wennberg.
18:23 of 2nd period - Stopped by Craig Anderson without a rebound.
18:24 of 2nd period - Andrew Copp wins face-off versus Connor McDavid in Canucks zone.
18:31 of 2nd period - Snap shot by Andrew Copp.
18:31 of 2nd period - Shot Blocked by Connor McDavid.
18:33 of 2nd period - Snap shot by Ryan McDonagh.
18:33 of 2nd period - Deflect By Connor McDavid.
18:33 of 2nd period - Stopped by Tomas Suchanek with a rebound.
18:35 of 2nd period - Wrist shot by Tanner Pearson.
18:35 of 2nd period - Stopped by Tomas Suchanek with a rebound.
18:37 of 2nd period - Wrist shot by Kyle Palmieri.
18:37 of 2nd period - Stopped by Tomas Suchanek with a rebound.
18:39 of 2nd period - Wrist shot by Tanner Pearson.
18:39 of 2nd period - Stopped by Tomas Suchanek with a rebound.
18:51 of 2nd period - Walker Duehr is hit by John Tavares and loses puck.
19:00 of 2nd period - Slapshot by Cale Makar.
19:00 of 2nd period - Deflect By Nikita Kucherov.
19:00 of 2nd period - Stopped by Craig Anderson with a rebound.
19:02 of 2nd period - Snap shot by Phil Kessel.
19:02 of 2nd period - Shot Blocked by John Klingberg.
19:21 of 2nd period - 10 Minutes Misconduct Penalty to Alec Martinez is over.
19:38 of 2nd period - Slapshot by Quinn Hughes.
19:38 of 2nd period - Shot Misses the Net.
19:40 of 2nd period - Snap shot by Quinn Hughes.
19:40 of 2nd period - Deflect By Andrei Kuzmenko.
19:40 of 2nd period - Shot Blocked by Jonathan Drouin.
19:40 of 2nd period - Puck is out of play.
19:41 of 2nd period - Christian Dvorak wins face-off versus Anthony Duclair in Flames zone.
Goals for this period are 2 for Canucks vs 0 for Flames.
Shots for this period are 24 for Canucks vs 14 for Flames.

3rd period


0:01 of 3rd period - Andrew Copp wins face-off versus Jake DeBrusk in neutral zone.
0:01 of 3rd period - Andrew Copp is hit by Erik Johnson.
0:06 of 3rd period - Wrist shot by Kyle Palmieri.
0:06 of 3rd period - Shot Misses the Net.
0:08 of 3rd period - Slapshot by Andrew Copp.
0:08 of 3rd period - Shot Misses the Net.
0:10 of 3rd period - Wrist shot by Andrew Copp.
0:10 of 3rd period - Stopped by Tomas Suchanek without a rebound.
0:11 of 3rd period - Jake DeBrusk wins face-off versus Andrew Copp in Flames zone.
0:22 of 3rd period - Snap shot by Jake DeBrusk.
0:22 of 3rd period - Stopped by Craig Anderson with a rebound.
0:58 of 3rd period - Connor Clifton is hit by John Klingberg and loses puck.
1:30 of 3rd period - Off-side.
1:31 of 3rd period - Connor McDavid wins face-off versus Andrew Copp in neutral zone.
1:40 of 3rd period - Wrist shot by Andrew Copp.
1:40 of 3rd period - Shot Misses the Net.
2:26 of 3rd period - John Klingberg is hit by Erik Johnson.
2:38 of 3rd period - Jake DeBrusk is hit by Kyle Palmieri and loses puck.
3:04 of 3rd period - Off-side.
3:05 of 3rd period - Christian Dvorak wins face-off versus Tanner Pearson in neutral zone.
3:35 of 3rd period - Elias Lindholm is hit by Alexander Kerfoot and loses puck.
3:58 of 3rd period - Snap shot by Noah Cates.
3:58 of 3rd period - Shot Misses the Net.
5:03 of 3rd period - Slapshot by Quinn Hughes.
5:03 of 3rd period - Shot Blocked by Erik Johnson.
5:05 of 3rd period - Snap shot by Andrei Kuzmenko.
5:05 of 3rd period - Stopped by Tomas Suchanek with a rebound.
5:17 of 3rd period - Damon Severson is hit by Connor McDavid and loses puck.
5:34 of 3rd period - Snap shot by Andrei Kuzmenko.
5:34 of 3rd period - Shot Misses the Net.
5:36 of 3rd period - Slapshot by Damon Severson.
5:36 of 3rd period - Shot Hit the Post.
5:40 of 3rd period - Slapshot by Quinn Hughes.
5:40 of 3rd period - Stopped by Tomas Suchanek with a rebound.
5:42 of 3rd period - Snap shot by Andrei Kuzmenko.
5:42 of 3rd period - Shot Blocked by Cody Ceci.
5:44 of 3rd period - Snap shot by Damon Severson.
5:44 of 3rd period - Stopped by Tomas Suchanek with a rebound.
5:50 of 3rd period - Slapshot by Quinn Hughes.
5:50 of 3rd period - Goal by Quinn Hughes - Canucks : 3 - Flames : 0.
5:51 of 3rd period - Alexander Wennberg wins face-off versus Andrew Copp in neutral zone.
6:15 of 3rd period - Ryan McDonagh is hit by Viktor Arvidsson and loses puck.
7:27 of 3rd period - Slapshot by Viktor Arvidsson.
7:27 of 3rd period - Stopped by Craig Anderson with a rebound.
7:42 of 3rd period - Icing by Cale Makar.
7:43 of 3rd period - Alexander Wennberg wins face-off versus John Tavares in Flames zone.
7:43 of 3rd period - Alexander Wennberg is hit by Nikita Kucherov.
8:03 of 3rd period - Minor Penalty to Timo Meier for Roughing.
8:04 of 3rd period - Connor McDavid wins face-off versus Trent Frederic in Canucks zone.
8:06 of 3rd period - Slapshot by Connor McDavid.
8:06 of 3rd period - Shot Misses the Net.
8:08 of 3rd period - Slapshot by Connor McDavid.
8:08 of 3rd period - Stopped by Craig Anderson without a rebound.
8:09 of 3rd period - Connor McDavid wins face-off versus Trent Frederic in Canucks zone.
9:58 of 3rd period - Colton Parayko is hit by David Kampf and loses puck.
10:03 of 3rd period - Penalty to Timo Meier is over, Timo Meier is back on ice.
10:11 of 3rd period - Cale Makar is hit by John Tavares.
10:15 of 3rd period - Kyle Turris is hit by Timo Meier and loses puck.
10:46 of 3rd period - Jake DeBrusk is hit by Alec Martinez and loses puck.
11:28 of 3rd period - Cody Ceci is hit by Ryan McDonagh and loses puck.
12:01 of 3rd period - Cale Makar is hit by Damon Severson.
12:08 of 3rd period - Minor Penalty to Trent Frederic for Holding.
12:09 of 3rd period - David Kampf wins face-off versus Connor McDavid in Canucks zone.
12:45 of 3rd period - Wrist shot by Elias Lindholm.
12:45 of 3rd period - Stopped by Craig Anderson with a rebound.
13:29 of 3rd period - Jake DeBrusk is hit by Andrew Copp and loses puck.
14:08 of 3rd period - Penalty to Trent Frederic is over, Trent Frederic is back on ice.
14:14 of 3rd period - Andrei Kuzmenko is hit by Pierre-Edouard Bellemare.
14:20 of 3rd period - Slapshot by Jonathon Merrill.
14:20 of 3rd period - Shot Blocked by Andrei Kuzmenko.
15:09 of 3rd period - Justin Schultz is hit by Cale Makar and loses puck.
15:20 of 3rd period - Viktor Arvidsson is hit by Timo Meier and loses puck.
15:31 of 3rd period - Jake DeBrusk is hit by Alexander Kerfoot and loses puck.
15:44 of 3rd period - Connor McDavid is hit by Trent Frederic and loses puck.
16:05 of 3rd period - Tanner Pearson is hit by Jonathon Merrill and loses puck.
16:18 of 3rd period - Jonathon Merrill is hit by Justin Schultz and loses puck.
16:40 of 3rd period - Wrist shot by Andreas Johnsson.
16:40 of 3rd period - Deflect By Justin Schultz.
16:40 of 3rd period - Shot Hit the Post.
16:40 of 3rd period - Puck is out of play.
16:41 of 3rd period - Kyle Turris wins face-off versus David Kampf in Canucks zone.
16:42 of 3rd period - Wrist shot by Andreas Johnsson.
16:42 of 3rd period - Shot Misses the Net.
16:44 of 3rd period - Snap shot by Andreas Johnsson.
16:44 of 3rd period - Goal by Andreas Johnsson - Canucks : 3 - Flames : 1.
16:45 of 3rd period - David Kampf wins face-off versus Christian Dvorak in neutral zone.
16:54 of 3rd period - Slapshot by Quinn Hughes.
16:54 of 3rd period - Stopped by Tomas Suchanek without a rebound.
16:55 of 3rd period - David Kampf wins face-off versus Christian Dvorak in Flames zone.
17:14 of 3rd period - Snap shot by Alexander Kerfoot.
17:14 of 3rd period - Deflect By Noah Cates.
17:14 of 3rd period - Stopped by Tomas Suchanek without a rebound.
17:15 of 3rd period - John Tavares wins face-off versus Connor McDavid in Flames zone.
17:42 of 3rd period - Walker Duehr is hit by Alexander Kerfoot and loses puck.
17:53 of 3rd period - Slapshot by Cody Ceci.
17:53 of 3rd period - Deflect By Walker Duehr.
17:53 of 3rd period - Stopped by Craig Anderson with a rebound.
18:13 of 3rd period - Connor Clifton is hit by Alec Martinez and loses puck.
18:24 of 3rd period - Snap shot by Elias Lindholm.
18:24 of 3rd period - Shot Misses the Net.
18:26 of 3rd period - Snap shot by Connor Clifton.
18:26 of 3rd period - Shot Blocked by Ryan McDonagh.
18:28 of 3rd period - Wrist shot by Jake DeBrusk.
18:28 of 3rd period - Stopped by Craig Anderson with a rebound.
19:13 of 3rd period - Slapshot by Andrei Kuzmenko.
19:13 of 3rd period - Shot Blocked by Erik Johnson.
19:15 of 3rd period - Slapshot by Quinn Hughes.
19:15 of 3rd period - Stopped by Tomas Suchanek with a rebound.
19:17 of 3rd period - Slapshot by Alexander Kerfoot.
19:17 of 3rd period - Shot Hit the Post.
19:29 of 3rd period - Snap shot by Christian Dvorak.
19:29 of 3rd period - Stopped by Craig Anderson without a rebound.
19:30 of 3rd period - Alexander Wennberg wins face-off versus Andrew Copp in Canucks zone.
Goals for this period are 1 for Canucks vs 1 for Flames.
Shots for this period are 8 for Canucks vs 8 for Flames.